 Dungeon Crawl Stone Soup version 0.30-a0-857-gcaf70739d4 (webtiles) character file.

Game seed: 9604811376431992331

186 cforsyth the Magician (level 5, -25/28 HPs)
             Began as a Deep Elf Earth Elementalist on Mar 6, 2023.
             Annihilated by an ogre
             ... wielding a +0 giant club
              (29 damage)
             ... on level 3 of the Dungeon.
             The game lasted 00:02:25 (2205 turns).

cforsyth the Magician (Deep Elf Earth Elementalist) Turns: 2205, Time: 00:02:26

Health: -25/28     AC:  4    Str:  5    XL:     5   Next: 38%
Magic:  21/24      EV: 12    Int: 22    God:
Gold:   132        SH:  0    Dex: 15    Spells: 14/15 levels left

rFire   . . .      SeeInvis +    (no weapon)
rCold   . . .      Faith    .    (no shield)
rNeg    . . .      Spirit   .    a - +0 robe
rPois   .          Reflect  .    q - +0 helmet
rElec   .          Rampage  .    j - +0 cloak
rCorr   .                        (no gloves)
Will    .....                    (no boots)
Stlth   ++                       (no amulet)
HPRegen 0.24/turn                s - ring of magical power
MPRegen 0.19/turn                p - ring of see invisible

@: no status effects
A: no striking features
a: no special abilities


You were on level 3 of the Dungeon.
You visited 1 branch of the dungeon, and saw 3 of its levels.

You collected 132 gold pieces.

Inventory:

Armour
 a - a +0 robe (worn)
 j - a +0 cloak (worn)
 q - a +0 helmet (worn)
Jewellery
 o - a ring of flight
 p - a ring of see invisible (right hand)
 s - a ring of magical power (left hand)
Scrolls
 c - 2 scrolls of enchant weapon {unknown}
 e - a scroll of blinking {unknown}
 f - a scroll of magic mapping {unknown}
 k - 3 scrolls of identify {unknown}
 l - a scroll of brand weapon {unknown}
 r - 2 scrolls of teleportation {unknown}
 t - a scroll of noise {unknown}
 v - a scroll of fog {unknown}
Potions
 b - a potion of magic
 d - 2 potions of brilliance {unknown}
 g - a potion of ambrosia {unknown}
 h - 3 potions of curing {unknown}
 i - 2 potions of heal wounds {unknown}
 m - a potion of invisibility {unknown}
 n - a potion of mutation {unknown}
 u - a potion of lignification {unknown}
 w - a potion of cancellation {unknown}


   Skills:
 - Level 2.4 Dodging
 - Level 2.4 Stealth
 + Level 5.7 Spellcasting
 - Level 1.1 Transmutations
 + Level 5.3 Earth Magic


You had 14 spell levels left.
You knew the following spells:

 Your Spells              Type           Power      Damage    Failure   Level
a - Sandblast             Erth           58%        2d13      1%          1

Your spell library contained the following spells:

 Spells                   Type           Power      Damage    Failure   Level
 Passwall                 Tmut/Erth      16%        N/A       3%          2
 Stone Arrow              Conj/Erth      36%        3d9       10%         3
 Lesser Beckoning         Tloc           12%        N/A       14%         2
 Petrify                  Tmut/Erth      20%        N/A       26%         4
 Gell's Gravitas          Tloc           6%         N/A       28%         3
 Teleport Other           Tloc           6%         N/A       28%         3


Dungeon Overview and Level Annotations

Branches:
Dungeon (3/15)

Altars:


Message History

The blast of sand hits the orc!!
You kill the orc!
The blast of sand hits the goblin!
You kill the goblin!
A dart slug comes into view.
You can't see any susceptible monsters within range! (Use Z to cast anyway.)
A dart slug is nearby!
A dart slug is nearby!
The blast of sand hits the dart slug.
The dart slug is moderately wounded.
The blast of sand hits the dart slug!
You kill the dart slug!
You can't see any susceptible monsters within range! (Use Z to cast anyway.)
An ogre comes into view. It is wielding a +0 giant club.
The ogre shouts!
An ogre is nearby!
An ogre is nearby!
An ogre is nearby!
An ogre is nearby!
The blast of sand hits the ogre.
The ogre is lightly wounded.
The blast of sand hits the ogre.
The ogre is moderately wounded.
The blast of sand hits the ogre!
The ogre is heavily wounded.
The ogre hits you with a +0 giant club!!
Ouch! That really hurt!
* * * LOW HITPOINT WARNING * * *
You are too injured to fight recklessly!
You are too injured to fight recklessly!
Casting: Sandblast (safe; 1% risk of failure)
Confirm with . or Enter, or press ? or * to list all spells.
Aiming: Sandblast (safe; 1% risk of failure)
Press: ? - help, Shift-Dir - straight line, f/p - ogre
Aim: an ogre, wielding a +0 giant club (heavily wounded, 92% to hit)
The blast of sand hits the ogre.
The ogre is heavily wounded.
The ogre hits you with a +0 giant club!!
Ouch! That really hurt!
You die...

#.# #.#.#.#.# # #.#
#.#)##.## # #.# #.#)####
# #.# #.#.# # ##.###.#.#
# #..)...#.#######
#...............
#########.#######.######
......O@..# #.#
#########.## #.#
##.######.# #........#
#.######## . #.# ##.##
#.# ......#.#######
.....)........#


You could see an ogre.

Vanquished Creatures
  2 jellies (D:2)
  4 adders
  4 dart slugs
  10 orcs (D:3)
  3 bats
  13 endoplasms
  2 giant cockroaches
  6 goblins
  2 hobgoblins
  3 quokkas (D:1)
  2 ball pythons (D:1)
  2 frilled lizards (D:2)
  10 kobolds
  6 rats
69 creatures vanquished.

Vanquished Creatures (others)
  3 fungi (D:2)
  9 toadstools (D:2)
12 creatures vanquished.

Grand Total: 81 creatures vanquished

Notes
Turn   | Place    | Note
-------+----------+-------------------------------------------
     0 | D:1      | cforsyth the Deep Elf Earth Elementalist began the quest
                  | for the Orb.
     0 | D:1      | Reached XP level 1. HP: 10/10 MP: 6/6
   221 | D:1      | Reached XP level 2. HP: 15/15 MP: 5/8
  1013 | D:2      | Reached XP level 3. HP: 11/19 MP: 5/10
  1519 | D:2      | Reached XP level 4. HP: 24/24 MP: 12/12
  1522 | D:2      | Reached skill level 5 in Spellcasting
  1534 | D:2      | Reached skill level 5 in Earth Magic
  1850 | D:3      | Reached XP level 5. HP: 28/28 MP: 14/14
  2200 | D:3      | Noticed an ogre
  2205 | D:3      | Annihilated by an ogre

Illustrated notes

Levels and vault maps discovered:
D:1:      dpeg_arrival_arbitrary_a, layout_loops_ring, glass_columns_b
D:2:      cheibrodos_fertilizer, layout_rooms
D:3:      layout_loops_ring, shapermc_ecumenical_altar_mp_vishouse

Skill      XL: |  1  2  3  4 |
---------------+-------------+-----
Earth Magic    | 4 5 |  5.3
Spellcasting   | 4 5 |  5.7
Dodging        | |  2.4
Stealth        | |  2.4
Transmutations | |  1.1

Action                     |  1- 3 |  4- 6 || total
---------------------------+-------+-------++-------
   Cast: Sandblast         |    51 |    40 ||    91
 Armour: Robe              |     1 |       ||     1
  Dodge: Dodged            |     6 |     1 ||     7

Table legend: (Time is in decaauts)
 A = Elapsed time spent in this place.
 B = Non-inter-level travel time spent in this place.
 C = Inter-level travel time spent in this place.
 D = Time resting spent in this place.
 E = Time spent auto-exploring this place.
 F = Levels seen in this place.
 G = Mean time per level.
                   A        B        C        D        E       F      G
               +--------+--------+--------+--------+--------+-----+--------+
         Total |   2247 |   2055 |    192 |      0 |   1736 |   3 |  749.0 |
       Dungeon |   2247 |   2055 |    192 |      0 |   1736 |   3 |  749.0 |
               +--------+--------+--------+--------+--------+-----+--------+

Top non-repeatable levels by time:
     D:1: 985 daAuts
     D:2: 781 daAuts
     D:3: 480 daAuts
